BSA
PHILADELPHIA ATHLETICS @ BOSTON REBELS
03/23/2028
 
TOP OF THE 1ST
Niagara Falls Frenzy batting - Pitching for Boston Rebels : RHP Juan Aguilar
Pitching: RHP Juan Aguilar
Batting: RHB Kel Pierce 0-0: Called Strike
0-1: Ball
1-1: SINGLE (Groundball, 6MD)
Batting: RHB Tomás Estrada 0-0: Fielders Choice at 2nd, 6-4 (Groundball, 6)
Batting: LHB Clyde Yarbrough 0-0: Called Strike
0-1: Swinging Strike
Tomás Estrada steals 2nd base
0-2: Foul Ball, location: 2F
0-2: Ball
1-2: Ball
2-2: SINGLE (Groundball, 34D)
Tomás Estrada to third
Runner from 3rd tries for Home, SAFE, no throw
Batting: SHB Martín De Jesús 0-0: Ball
1-0: SINGLE (Groundball, 6D)
Clyde Yarbrough to second
Batting: RHB Troy Lau 0-0: Called Strike
0-1: Swinging Strike
0-2: Strikes out looking
Batting: RHB Jung-ha Kim 0-0: Ball
1-0: Fielders Choice at 2nd, 6-4 (Groundball, 6)
Top of the 1st over - 1 run(s), 3 hit(s), 0 error(s), 1 left on base; Niagara Falls 1 - Boston 0
BOTTOM OF THE 1ST
Boston Rebels batting - Pitching for Niagara Falls Frenzy : RHP Blaine Yarbrough
Pitching: RHP Blaine Yarbrough
Batting: RHB Roberto Chávez 0-0: Called Strike
0-1: Ball
1-1: Fly out, F7 (Flyball, 78XD)
Batting: LHB Bill Wilson 0-0: Ball
1-0: Foul Ball, location: 2F
1-1: Fly out, F8 (Flyball, 8RD)
Batting: LHB Lorenzo Flores 0-0: Ball
1-0: Fly out, F9 (Flyball, 9LS)
Bottom of the 1st over - 0 run(s), 0 hit(s), 0 error(s), 0 left on base; Niagara Falls 1 - Boston 0
TOP OF THE 2ND
Niagara Falls Frenzy batting - Pitching for Boston Rebels : RHP Juan Aguilar
Batting: LHB Jerry Johnston 0-0: Called Strike
0-1: Foul Ball, location: 2F
0-2: Strikes out looking
Batting: RHB Anastasio Villa 0-0: Fly out, F5 (Line Drive, 56)
Batting: SHB Héctor Padilla 0-0: Called Strike
0-1: Ball
1-1: Ground out 4-3 (Groundball, 4)
Top of the 2nd over - 0 run(s), 0 hit(s), 0 error(s), 0 left on base; Niagara Falls 1 - Boston 0
BOTTOM OF THE 2ND
Boston Rebels batting - Pitching for Niagara Falls Frenzy : RHP Blaine Yarbrough
Batting: LHB Miguel Rivería 0-0: DOUBLE (Flyball, 78XD)
Batting: LHB Felipe Guerrero 0-0: Fly out, F7 (Flyball, 78S)
Batting: RHB Alberto Ramos 0-0: Fly out, F2 (Popup, 3S)
Batting: RHB Pedro Rodríguez 0-0: Ball
1-0: Ball
2-0: Called Strike
2-1: Ball
3-1: Foul Ball, location: 2F
3-2: SINGLE (Groundball, 34D)
Miguel Rivería to third
Miguel Rivería scores
Batting: RHB Aaron Washington 0-0: Ball
1-0: Called Strike
1-1: Called Strike
1-2: Strikes out swinging
Bottom of the 2nd over - 1 run(s), 2 hit(s), 0 error(s), 1 left on base; Niagara Falls 1 - Boston 1
TOP OF THE 3RD
Niagara Falls Frenzy batting - Pitching for Boston Rebels : RHP Juan Aguilar
Batting: RHB Kel Pierce 0-0: Ball
1-0: Ball
2-0: Called Strike
2-1: Fly out, F7 (Flyball, 7)
Batting: RHB Tomás Estrada 0-0: Swinging Strike
0-1: Ground out 5-3 (Groundball, 56S)
Batting: LHB Clyde Yarbrough 0-0: DOUBLE (Groundball, 5L)
Batting: SHB Martín De Jesús 0-0: SINGLE (Line Drive, 4MD)
Clyde Yarbrough to third
Runner from 3rd tries for Home, SAFE, no throw
Batting: RHB Troy Lau 0-0: Ball
1-0: Ball
2-0: Fielders Choice at 2nd, 4-6 (Groundball, 4)
Top of the 3rd over - 1 run(s), 2 hit(s), 0 error(s), 0 left on base; Niagara Falls 2 - Boston 1
BOTTOM OF THE 3RD
Boston Rebels batting - Pitching for Niagara Falls Frenzy : RHP Blaine Yarbrough
Batting: LHB Sixto Cortés 0-0: Ball
1-0: Called Strike
1-1: Ball
2-1: Foul Ball, location: 2F
2-2: Strikes out swinging
Batting: RHB Roberto Chávez 0-0: Foul Ball, location: 2F
0-1: Foul Ball, location: 2F
0-2: Ball
1-2: Strikes out swinging
Batting: LHB Bill Wilson 0-0: Ball
1-0: Foul Ball, location: 2F
1-1: Fly out, F4 (Popup, 4MS)
Bottom of the 3rd over - 0 run(s), 0 hit(s), 0 error(s), 0 left on base; Niagara Falls 2 - Boston 1
TOP OF THE 4TH
Niagara Falls Frenzy batting - Pitching for Boston Rebels : RHP Juan Aguilar
Batting: RHB Jung-ha Kim 0-0: DOUBLE (Groundball, 5L)
Batting: LHB Jerry Johnston 0-0: Ball
1-0: Swinging Strike
1-1: Ball
2-1: Foul Ball, location: 2F
2-2: Foul Ball, location: 2F
2-2: Strikes out swinging
Batting: RHB Anastasio Villa 0-0: Ball
1-0: Called Strike
1-1: Ball
2-1: Swinging Strike
2-2: Foul Ball, location: 2F
2-2: Ground out 6-3 (Groundball, 6M)
Jung-ha Kim to third
Batting: SHB Héctor Padilla 0-0: Called Strike
0-1: Ball
1-1: Fly out, F9 (Flyball, 9S)
Top of the 4th over - 0 run(s), 1 hit(s), 0 error(s), 1 left on base; Niagara Falls 2 - Boston 1
BOTTOM OF THE 4TH
Boston Rebels batting - Pitching for Niagara Falls Frenzy : RHP Blaine Yarbrough
Batting: LHB Lorenzo Flores 0-0: Foul Ball, location: 2F
0-1: Ball
1-1: Ball
2-1: Foul Ball, location: 2F
2-2: SINGLE (Groundball, 4MD)
Batting: LHB Miguel Rivería 0-0: Called Strike
0-1: Called Strike
0-2: Strikes out swinging
Batting: LHB Felipe Guerrero 0-0: Foul Ball, location: 2F
0-1: SINGLE (Groundball, 34D)
Lorenzo Flores to second
Runner from 2nd tries for 3rd, SAFE, throw made to third
Batting: RHB Alberto Ramos 0-0: Called Strike
0-1: Ball
Felipe Guerrero is caught stealing 2nd base
1-1: Ball
2-1: Ball
3-1: Swinging Strike
3-2: Base on Balls
Batting: RHB Pedro Rodríguez 0-0: Ball
1-0: Called Strike
1-1: Ball
2-1: Ball
3-1: Called Strike
3-2: Foul Ball, location: 2F
3-2: Strikes out looking
Bottom of the 4th over - 0 run(s), 2 hit(s), 0 error(s), 2 left on base; Niagara Falls 2 - Boston 1
TOP OF THE 5TH
Niagara Falls Frenzy batting - Pitching for Boston Rebels : RHP Juan Aguilar
Pitching: RHP Fernando Silva
Batting: RHB Kel Pierce 0-0: Ball
1-0: Ball
2-0: Foul Ball, location: 2F
2-1: Foul Ball, location: 2F
2-2: Ball
3-2: Foul Ball, location: 2F
3-2: Strikes out swinging
Batting: RHB Tomás Estrada 0-0: Called Strike
0-1: Foul Ball, location: 2F
0-2: Ball
1-2: Ground out 6-3 (Groundball, 6)
Batting: LHB Clyde Yarbrough 0-0: Foul Ball, location: 2F
0-1: Ball
1-1: Ball
2-1: Ball
3-1: SINGLE (Groundball, 6MD)
Batting: SHB Martín De Jesús 0-0: Foul Ball, location: 2F
0-1: Ball
1-1: Called Strike
Clyde Yarbrough is caught stealing 2nd base
Top of the 5th over - 0 run(s), 1 hit(s), 0 error(s), 0 left on base; Niagara Falls 2 - Boston 1
BOTTOM OF THE 5TH
Boston Rebels batting - Pitching for Niagara Falls Frenzy : RHP Blaine Yarbrough
Pitching: RHP Nathan Thornton
Batting: RHB Aaron Washington 0-0: Hit by Pitch
Batting: LHB Sixto Cortés 0-0: Grounds into double play, 4-6-3 (Groundball, 4M)
Batting: RHB Roberto Chávez 0-0: Ground out 6-3 (Groundball, 6)
Bottom of the 5th over - 0 run(s), 0 hit(s), 0 error(s), 0 left on base; Niagara Falls 2 - Boston 1
TOP OF THE 6TH
Niagara Falls Frenzy batting - Pitching for Boston Rebels : RHP Fernando Silva
Batting: SHB Martín De Jesús 0-0: Ball
1-0: Foul Ball, location: 2F
1-1: Ball
2-1: Ball
3-1: Base on Balls
Batting: RHB Troy Lau 0-0: Ball
1-0: Ball
2-0: Ball
3-0: Base on Balls
Martín De Jesús to second
Batting: RHB Jung-ha Kim 0-0: Fly out, F8 (Flyball, 78D)
Batting: LHB Jerry Johnston 0-0: Ball
1-0: Called Strike
1-1: Swinging Strike
1-2: Strikes out looking
Batting: RHB Anastasio Villa 0-0: Ball
1-0: Fielders Choice at 2nd, 6-4 (Groundball, 6)
Top of the 6th over - 0 run(s), 0 hit(s), 0 error(s), 1 left on base; Niagara Falls 2 - Boston 1
BOTTOM OF THE 6TH
Boston Rebels batting - Pitching for Niagara Falls Frenzy : RHP Nathan Thornton
Batting: LHB Bill Wilson 0-0: Ground out 6-3 (Groundball, 6MD)
Batting: LHB Lorenzo Flores 0-0: Called Strike
0-1: Foul Ball, location: 2F
0-2: Ball
1-2: SINGLE (Groundball, 34D)
Batting: LHB Miguel Rivería 0-0: Ball
1-0: Foul Ball, location: 2F
1-1: SINGLE (Line Drive, 9S)
Lorenzo Flores to second
Batting: LHB Felipe Guerrero 0-0: Ball
1-0: Called Strike
1-1: Called Strike
1-2: Grounds out, U3 (Groundball, 3L)
Lorenzo Flores to third
Batting: RHB Alberto Ramos 0-0: Called Strike
0-1: Swinging Strike
0-2: Ball
1-2: Ball
2-2: Strikes out swinging
Bottom of the 6th over - 0 run(s), 2 hit(s), 0 error(s), 2 left on base; Niagara Falls 2 - Boston 1
TOP OF THE 7TH
Niagara Falls Frenzy batting - Pitching for Boston Rebels : RHP Fernando Silva
Batting: SHB Héctor Padilla 0-0: Called Strike
0-1: Swinging Strike
0-2: Fly out, F7 (Flyball, 7D)
Pinch Hitting: LHB Yasuhiko Onodera 0-0: Ball
1-0: Ball
2-0: Foul Ball, location: 2F
2-1: Ball
3-1: Base on Balls
Pinch Hitting: RHB Jorge Cora 0-0: Called Strike
0-1: Ball
1-1: SINGLE (Line Drive, 6D)
Yasuhiko Onodera to second
Pinch Hitting: LHB Arturo López 0-0: Swinging Strike
0-1: Ball
1-1: Ball
2-1: Ball
3-1: Foul Ball, location: 2F
3-2: Strikes out swinging
Pitching: RHP Manuel Jimenen
Batting: LHB Carter Sweet 0-0: Swinging Strike
0-1: Called Strike
0-2: Ball
1-2: Strikes out swinging
Top of the 7th over - 0 run(s), 1 hit(s), 0 error(s), 2 left on base; Niagara Falls 2 - Boston 1
BOTTOM OF THE 7TH
Boston Rebels batting - Pitching for Niagara Falls Frenzy : RHP Nathan Thornton
Now at 1B: Yasuhiko Onodera
Now at 2B: Ramiro Gámez
Now in RF: Jorge Cora
Batting: RHB Pedro Rodríguez 0-0: Foul Ball, location: 2F
0-1: Ball
1-1: Ball
2-1: Foul Ball, location: 2F
2-2: Strikes out swinging
Batting: RHB Aaron Washington 0-0: Ball
1-0: Called Strike
1-1: SINGLE (Line Drive, 4MD)
Batting: LHB Sixto Cortés 0-0: Ball
1-0: Ball
2-0: Foul Ball, location: 2F
2-1: Ball
3-1: Swinging Strike
3-2: Foul Ball, location: 2F
3-2: Base on Balls
Aaron Washington to second
Pinch Hitting: LHB Frank Jackson 0-0: Ball
1-0: Ball
2-0: Ball
3-0: Base on Balls
Aaron Washington to third
Sixto Cortés to second
Pinch Hitting: LHB Lee Burton 0-0: Foul Ball, location: 2F
0-1: Ball
1-1: Swinging Strike
1-2: Grounds into fielders choice 5-2 (Groundball, 56)
Sixto Cortés to third
Frank Jackson to second
Pinch Hitting: RHB Ken McDonald 0-0: Foul Ball, location: 2F
0-1: Called Strike
0-2: Fly out, F8 (Flyball, 8LD)
Bottom of the 7th over - 0 run(s), 1 hit(s), 0 error(s), 3 left on base; Niagara Falls 2 - Boston 1
TOP OF THE 8TH
Niagara Falls Frenzy batting - Pitching for Boston Rebels : RHP Manuel Jimenen
Now at 1B: Ken McDonald
Now at 2B: Stan Simpson
Now in LF: Frank Jackson
Pinch Hitting: RHB Luther Stoffels 0-0: Called Strike
0-1: Called Strike
0-2: DOUBLE (Groundball, 5L)
Pinch Hitting: LHB Mauro Díaz 0-0: Called Strike
0-1: Ball
1-1: SINGLE (Line Drive, 34D)
Luther Stoffels to third
Batting: LHB Jerry Johnston 0-0: Ball
1-0: Ball
2-0: Called Strike
2-1: Foul Ball, location: 2F
2-2: Strikes out looking
Pinch Hitting: RHB Santiago Zambrano 0-0: Ball
1-0: Foul Ball, location: 2F
1-1: Fielders Choice at 2nd, 4-6 (Groundball, 34)
Luther Stoffels scores
Pinch Hitting: RHB Domingo Hernández 0-0: Ball
1-0: Foul Ball, location: 2F
1-1: Ball
2-1: Foul Ball, location: 2F
2-2: Ball
3-2: Strikes out looking
Top of the 8th over - 1 run(s), 2 hit(s), 0 error(s), 1 left on base; Niagara Falls 3 - Boston 1
BOTTOM OF THE 8TH
Boston Rebels batting - Pitching for Niagara Falls Frenzy : RHP Nathan Thornton
Pitching: RHP Esteban Juárez
Now at 3B: Dan Dunn
Now at SS: Santiago Zambrano
Now in LF: Luther Stoffels
Now in CF: José Espinoza
Pinch Hitting: LHB Ricardo Brandariz 0-0: Fly out, F7 (Flyball, 7LS)
Pinch Hitting: LHB Jeff Gordon 0-0: Foul Ball, location: 2F
0-1: Ground out 4-3 (Groundball, 4)
Pinch Hitting: LHB Sergio Barrón 0-0: Foul Ball, location: 2F
0-1: Ball
1-1: Swinging Strike
1-2: Ball
2-2: Ball
3-2: SINGLE (Line Drive, 89S)
Batting: RHB Rob Bass 0-0: Ball
1-0: Ball
2-0: Fly out, F8 (Flyball, 8RS)
Bottom of the 8th over - 0 run(s), 1 hit(s), 0 error(s), 1 left on base; Niagara Falls 3 - Boston 1
TOP OF THE 9TH
Niagara Falls Frenzy batting - Pitching for Boston Rebels : RHP Manuel Jimenen
Now at 3B: Ángel Garza
Now in CF: Ricardo Brandariz
Now in RF: Jeff Gordon
Batting: LHB Yasuhiko Onodera 0-0: Ball
1-0: Ball
2-0: DOUBLE (Line Drive, 8RXD)
Batting: RHB Jorge Cora 0-0: Intentional Walk
Pinch Hitting: LHB Juan Lima 0-0: Fielders Choice at 2nd, 3-6 (Groundball, 34)
Yasuhiko Onodera to third
Batting: LHB Carter Sweet 0-0: Called Strike
0-1: Called Strike
0-2: Ball
1-2: Foul Ball, location: 2F
1-2: Ball
2-2: Ball
3-2: Fly out, F9 (Flyball, 9D)
Runner from 3rd tags up, SCORES, no throw
Pitching: RHP Jonathan Booker
Batting: RHB Luther Stoffels 0-0: Ball
1-0: Called Strike
1-1: Ball
2-1: Ball
3-1: Base on Balls
Juan Lima to second
Batting: SHB Dan Dunn 0-0: Swinging Strike
0-1: Ball
1-1: Called Strike
1-2: Ground out 6-3 (Groundball, 6D)
Top of the 9th over - 1 run(s), 1 hit(s), 0 error(s), 2 left on base; Niagara Falls 4 - Boston 1
BOTTOM OF THE 9TH
Boston Rebels batting - Pitching for Niagara Falls Frenzy : RHP Esteban Juárez
Pitching: RHP Ed Calhoun
Now at 2B: Juan Lima
Pinch Hitting: RHB Jesús Dávila 0-0: Foul Ball, location: 2F
0-1: Ground out 6-3 (Groundball, 6)
Pinch Hitting: RHB Clancy Booker 0-0: Ball
1-0: Ball
2-0: Foul Ball, location: 2F
2-1: Called Strike
2-2: Foul Ball, location: 2F
2-2: Ball
3-2: Foul Ball, location: 2F
3-2: Base on Balls
Batting: LHB Frank Jackson 0-0: Ball
1-0: Called Strike
1-1: Swinging Strike
1-2: Fly out, F2 (Popup, 56S)
Batting: RHB Stan Simpson 0-0: Ball
1-0: SINGLE (Groundball, 34D)
Clancy Booker to second
Runner from 2nd tries for 3rd, SAFE, no throw
Pinch Runner at 3rd Randy Simons:
Batting: RHB Ken McDonald 0-0: Ball
1-0: Foul Ball, location: 2F
1-1: Swinging Strike
1-2: Fielders Choice at 2nd, 6-4 (Groundball, 6)
Bottom of the 9th over - 0 run(s), 1 hit(s), 0 error(s), 1 left on base; Niagara Falls 4 - Boston 1
Tuesday, August 8th, 2017 - OOTP Baseball 17.12 Build 75